 Dungeon Crawl Stone Soup version 0.25.1-8-g42b30a86e7 (webtiles) character file.

Game seed: 16081068739267582538

34822 H0rd4k the Eclecticist (level 13, 0/63 HPs)
             Began as a Deep Elf Wizard on Dec 21, 2020.
             Was an Initiate of Gozag.
             Splashed by Harold's acid (13 damage)
             ... on level 7 of the Dungeon.
             The game lasted 01:17:18 (23895 turns).

H0rd4k the Eclecticist (Deep Elf Wizard)           Turns: 23895, Time: 01:17:23

Health: 0/63       AC:  9    Str:  4    XL:     13   Next: 44%
Magic:  24/37      EV:  7    Int: 40    God:    Gozag
Gold:   1971       SH:  0    Dex: 13    Spells: 18/49 levels left

rFire    . . .     SeeInvis .   C - staff of poison
rCold    x . .     Gourm    .   (no shield)
rNeg     . . .     Faith    .   H - +1 leather armour "Zolaur" {MR+}
rPois    +         Spirit   .   v - +2 hat
rElec    +         Reflect  .   (no cloak)
rCorr    .         Harm     .   (no gloves)
MR       +....                  l - +2 pair of boots
Stlth    +++.......             N - amulet of magic regeneration
HPRegen  0.20/turn              E - ring "Welueg" {Wiz rPois MR- Int+6}
MPRegen  0.50/turn              O - ring of Moodiness {+Fly rElec rPois rC- Int+5}

@: held
A: no striking features
a: Potion Petition, Call Merchant, Bribe Branch, Renounce Religion, Evoke Flight


You were on level 7 of the Dungeon.
You worshipped Gozag.
Gozag was most pleased with you.
You were not hungry.

You visited 2 branches of the dungeon, and saw 17 of its levels.

You collected 4341 gold pieces.
You spent 2336 gold pieces at shops.
You paid 34 gold pieces to Gozag.

Inventory:

Hand Weapons
 R - a +7 double sword of holy wrath
Armour
 l - a +2 pair of boots (worn)
 v - a +2 hat (worn)
 H - the +1 leather armour "Zolaur" (worn) {MR+}
   (You found it on level 7 of the Dungeon)

   It affects your resistance to hostile enchantments.
 I - a +2 leather armour of poison resistance
 K - a +2 robe of fire resistance
Magical Staves
 C - an uncursed staff of poison (weapon)
Jewellery
 c - an uncursed ring of positive energy
 z - an uncursed amulet of guardian spirit {unknown}
 E - the ring "Welueg" (left hand) {Wiz rPois MR- Int+6}
   (You found it on level 7 of the Dungeon)

   [ring of wizardry]

   It improves your spell success rate.
   It affects your intelligence (+6).
   It protects you from poison.
   It affects your resistance to hostile enchantments.
 L - an uncursed ring of protection from fire
 N - an amulet of magic regeneration (around neck)
 O - the ring of Moodiness (right hand) {+Fly rElec rPois rC- Int+5}
   (You bought it in a shop on level 9 of the Dungeon)

   [ring of flight]

   It affects your intelligence (+5).
   It makes you vulnerable to cold.
   It insulates you from electricity.
   It protects you from poison.
   It lets you fly.
Wands
 a - a wand of enslavement (2)
 p - a wand of disintegration (16)
 w - a wand of paralysis (6)
 y - a wand of random effects (27)
 J - a wand of polymorph (8)
 M - a wand of flame (29)
Scrolls
 b - a scroll of noise
 g - 6 scrolls of blinking
 k - 4 scrolls of amnesia
 m - 4 scrolls of remove curse
 r - 3 scrolls of fog
 s - a scroll of teleportation
 u - 4 scrolls of enchant weapon
 B - a scroll of silence
 F - 2 scrolls of fear
 G - 2 scrolls of immolation
 P - a scroll of torment
 S - a scroll of identify
Potions
 e - a potion of ambrosia
 f - 3 potions of degeneration
 h - 2 potions of flight
 i - 2 potions of cancellation
 j - a potion of magic
 n - 3 potions of invisibility
 o - a potion of brilliance
 q - a potion of haste
 t - 4 potions of might
 A - 4 potions of resistance
 D - 2 potions of stabbing
Miscellaneous
 x - a phial of floods
 Q - a phial of floods
Comestibles
 d - 17 rations


   Skills:
 + Level 4.9 Dodging
 + Level 5.2 Stealth
 + Level 18.7 Spellcasting
 + Level 13.6 Conjurations
 * Level 3.4 Hexes
 + Level 4.0 Charms
   Level 1.1 Summonings
 + Level 3.8 Translocations
 + Level 5.5 Fire Magic
 + Level 1.8 Air Magic
 + Level 7.2 Earth Magic
 + Level 1.5 Poison Magic
 + Level 4.0 Evocations


You had 18 spell levels left.
You knew the following spells:

 Your Spells              Type           Power        Failure   Level  Hunger
a - Magic Dart            Conj           ####         0%          1    None
b - Blink                 Tloc           N/A          1%          2    None
c - Conjure Flame         Conj/Fire      #######.     1%          3    None
d - Mephitic Cloud        Conj/Pois/Air  #######.     1%          3    None
e - Stone Arrow           Conj/Erth      ######       1%          3    None
f - Invisibility          Hex            ######..     19%         6    None
g - Passage of Golubria   Tloc           N/A          1%          4    None
h - Swiftness             Chrm/Air       ######..     1%          2    None
i - Passwall              Tmut/Erth      ######..     1%          2    None
j - Shroud of Golubria    Chrm/Tloc      ######       1%          2    None
k - Gell's Gravitas       Tloc           ######....   1%          3    None

Your spell library contained the following spells:

 Spells                   Type           Power        Failure   Level  Hunger
 Animate Skeleton         Necr           N/A          1%          1    None
 Infusion                 Chrm           ####         1%          1    None
 Pain                     Necr           ####         1%          1    None
 Sandblast                Erth           ######       1%          1    None
 Call Imp                 Summ           #####...     1%          2    None
 Slow                     Hex            ######..     1%          2    None
 Song of Slaying          Chrm           ######..     1%          2    None
 Confusing Touch          Hex            ######..     1%          3    None
 Ozocubu's Armour         Chrm/Ice       ######..     1%          3    None
 Spectral Weapon          Hex/Chrm       ######..     1%          3    None
 Vampiric Draining        Necr           #####.....   1%          3    None
 Petrify                  Tmut/Erth      ######..     1%          4    None
 Lee's Rapid Deconstruct  Erth           #######...   1%          5    None
 Animate Dead             Necr           N/A          5%          4    None
 Metabolic Englaciation   Hex/Ice        ######....   8%          5    None
 Yara's Violent Unravell  Hex/Tmut       ######....   8%          5    None
 Agony                    Necr           #####...     14%         5    None
 Darkness                 Hex            ######....   19%         6    None


Dungeon Overview and Level Annotations

Branches:
Dungeon (11/15)            Temple (0/1) D:5            Lair (6/6) D:9
 Shoals (0/4) Lair:4        Snake (0/4) Lair:4        Slime (0/5) Lair:6
    Orc: D:9-12

Altars:
Cheibriados
Gozag
Kikubaaqudgha
Nemelex Xobeh
Qazlal
Trog
Yredelemnul
Jiyva

Shops:
D:7 *   D:9 %:=(

Annotations:
D:7 exclusion: downstairs, Harold
D:8 exclusions: downstairs and upstairs
D:9 exclusion: 2 downstairs, Psyche
D:10 exclusion: vampire
D:11 exclusion: upstairs
Lair:1 exclusion: downstairs
Lair:2 exclusion: downstairs
Lair:3 exclusion: 2 downstairs
Lair:4 2 transporters, exclusion: downstairs, Skippwaahh's ghost, journeyman MfMo
Lair:5 exclusion: downstairs
Lair:6 exclusion: catoblepas


Message History

Harold zaps a wand.
The bolt of acid hits you!!
You are splashed with acid!
Casting: Stone Arrow (safe; 1% risk of failure)
Confirm with . or Enter, or press ? or * to list all spells.
Aiming: Stone Arrow (safe; 1% risk of failure)
Press: ? - help, Shift-Dir - straight line, f/p - Harold
Aim: Harold, wielding a +0 flail, wearing a +0 scale mail, quivering 2 throwing nets and carrying a wand of acid (4) (heavily wounded)
The stone arrow hits Harold!
Harold is severely wounded.
Casting: Stone Arrow (safe; 1% risk of failure)
Confirm with . or Enter, or press ? or * to list all spells.
Aiming: Stone Arrow (safe; 1% risk of failure)
Press: ? - help, Shift-Dir - straight line, f/p - Harold
Aim: Harold, wielding a +0 flail, wearing a +0 scale mail, quivering 2 throwing nets and carrying a wand of acid (4) (severely wounded)
The stone arrow hits Harold!
Harold is almost dead.
Harold zaps a wand.
The bolt of acid hits you!!
* * * LOW HITPOINT WARNING * * *
You are splashed with acid!
You die...
Your body crumbles into a pile of gold.

#...>.###
#..####....#.#..
#.......#
#.####..#..#'#.#
#..##...#
#.#....#....#..#
#..#8.(.8#
#........##.#..#
#..##...###
###########...[.
#..##...##⌠###8##
##....#
#####...........##
#..####
8...........8#
#.## #....@.@....#
#.# ##8###⌠##...#
#.# ####...## #.#
#8...8# #.#
##...#### #.#
#......###.#
######...#.#
###...# #####


You could see Harold.

Vanquished Creatures
  Gastronok (D:10)
  5 hydras
  Erica (D:8)
  3 death yaks (Lair:6)
  Urug (Lair:1)
  Pikel (D:6)
  An ugly thing (D:6)
  A manticore (Lair:6)
  A cyclops (D:7)
  A centaur zombie (D:10)
  A torpor snail (Lair:6)
  6 spiny frogs
  3 elephants (Lair:5)
  7 black mambas
  Maggie (D:7)
  5 komodo dragons
  2 rime drakes
  2 trolls
  10 dream sheep
  10 blink frogs
  Prince Ribbit (D:9)
  8 hippogriffs
  22 yaks
  2 hungry ghosts (D:7)
  2 basilisks
  2 soldier ants (D:8)
  14 water moccasins
  9 porcupines
  3 orc warriors
  An eye of draining (D:9)
  2 phantoms (D:7)
  A black bear (D:7)
  2 ice beasts
  2 sky beasts
  3 ogres
  10 wolves
  7 centaurs
  9 crocodiles
  A big kobold (D:9)
  9 bullfrogs
  A water moccasin zombie (D:8)
  6 wights
  An electric eel (Lair:1)
  4 crimson imps
  5 orc priests
  8 hounds
  2 jellies
  2 quasits
  A gnoll shaman (D:7)
  A bullfrog skeleton (D:9)
  3 iguanas
  9 orc wizards
  8 worker ants
  A hound zombie (D:9)
  9 gnolls
  A howler monkey skeleton (D:4)
  15 adders
  5 shadow imps
  3 oozes
  3 adder skeletons
  7 worms
  4 dart slugs
  7 leopard geckos
  40 orcs
  9 giant cockroaches
  4 goblins
  7 hobgoblins
  10 jackals
  7 kobolds
  2 quokkas
  2 ball pythons
  7 bats
  5 frilled lizards
  6 rats
378 creatures vanquished.

Vanquished Creatures (collateral kills)
  An adder (Lair:4)
  3 orcs (D:11)
4 creatures vanquished.

Vanquished Creatures (others)
  2 jackals (D:6)
  A quokka zombie (D:6)
  27 fungi
  17 plants
47 creatures vanquished.

Grand Total: 429 creatures vanquished

Notes
Turn   | Place    | Note
-------+----------+-------------------------------------------
     0 | D:1      | H0rd4k the Deep Elf Wizard began the quest for the Orb.
     0 | D:1      | Reached XP level 1. HP: 10/10 MP: 7/7
   305 | D:1      | Reached XP level 2. HP: 15/15 MP: 5/9
   307 | D:1      | Reached skill level 5 in Spellcasting
   697 | D:1      | Reached XP level 3. HP: 19/19 MP: 3/12
   701 | D:1      | Learned a level 2 spell: Blink
   705 | D:1      | Learned a level 3 spell: Conjure Flame
   709 | D:1      | Learned a level 3 spell: Mephitic Cloud
  1774 | D:2      | Reached skill level 1 in Fire Magic
  1830 | D:2      | Reached XP level 4. HP: 24/24 MP: 11/13
  1923 | D:2      | Reached skill level 1 in Air Magic
  2372 | D:2      | Noticed a moth of wrath
  2374 | D:2      | Found a bloodstained altar of Trog.
  3138 | D:3      | Reached skill level 6 in Spellcasting
  3197 | D:3      | Found an opulent altar of Gozag.
  3223 | D:3      | Became a worshipper of Gozag Ym Sagoz the Greedy
  3475 | D:4      | Found a bloodstained altar of Trog.
  3487 | D:4      | Reached XP level 5. HP: 25/28 MP: 7/15
  3516 | D:4      | Reached skill level 1 in Poison Magic
  3848 | D:4      | Found a snail-covered altar of Cheibriados.
  4155 | D:5      | Entered Level 5 of the Dungeon
  4171 | D:5      | Reached XP level 6. HP: 32/32 MP: 13/17
  4272 | D:5      | Found a staircase to the Ecumenical Temple.
  4374 | D:5      | Reached skill level 7 in Spellcasting
  4594 | D:5      | Noticed an orc warrior
  4612 | D:5      | Killed an orc warrior
  4799 | D:5      | Reached XP level 7. HP: 32/36 MP: 13/20
  5380 | D:6      | Reached skill level 5 in Conjurations
  5455 | D:6      | Reached skill level 8 in Spellcasting
  5542 | D:6      | Noticed a cyan ugly thing
  6183 | D:6      | Noticed Pikel
  6198 | D:6      | Killed Pikel
  6198 | D:6      | Reached skill level 9 in Spellcasting
  6198 | D:6      | Reached XP level 8. HP: 41/41 MP: 8/23
  6405 | D:7      | Found Omaotud's Assorted Antiques.
  6416 | D:7      | Bought a long jewelled staff for 396 gold pieces
  6416 | D:7      | Bought a scroll of identify for 66 gold pieces
  6513 | D:7      | Reached skill level 10 in Spellcasting
  6912 | D:7      | Found a stormy altar of Qazlal.
  6912 | D:7      | Found an ancient bone altar of Kikubaaqudgha.
  7450 | D:7      | Noticed a slime creature
  7563 | D:7      | Reached skill level 11 in Spellcasting
  7563 | D:7      | Reached XP level 9. HP: 45/45 MP: 15/26
  7705 | D:7      | Noticed a cyclops
  7918 | D:7      | Noticed Maggie
  7966 | D:7      | Killed Maggie
  8043 | D:7      | Got a vibrating golden ring
  8044 | D:7      | Identified the ring "Welueg" {Wiz rPois MR- Int+6} (You
                  | found it on level 7 of the Dungeon)
  8077 | D:7      | Got a faintly humming leather armour
  8123 | D:6      | Identified the +1 leather armour "Zolaur" {MR+} (You found
                  | it on level 7 of the Dungeon)
  8440 | D:7      | Killed a cyclops
  8440 | D:7      | Reached skill level 12 in Spellcasting
  8569 | D:7      | Reached skill level 1 in Evocations
  8625 | D:7      | Noticed a troll
  8637 | D:7      | Killed a troll
  8858 | D:7      | Noticed Harold
  8984 | D:7      | Learned a level 3 spell: Stone Arrow
  9048 | D:8      | Noticed Erica
  9123 | D:8      | Found a basalt altar of Yredelemnul.
  9531 | D:9      | Found Esaqiloa's Book Shoppe.
  9554 | D:9      | Noticed an elephant
  9555 | D:9      | Found a staircase to the Lair.
  9581 | D:9      | Reached XP level 10. HP: 35/50 MP: 23/28
  9823 | D:8      | Killed Erica
  9823 | D:8      | Reached skill level 13 in Spellcasting
  9823 | D:8      | Reached skill level 10 in Conjurations
 10167 | D:8      | You fall into a shaft and drop 2 floors!
 10167 | D:10     | Entered Level 10 of the Dungeon
 10325 | D:9      | Found Waimisk's Food Boutique.
 10325 | D:9      | Noticed Prince Ribbit
 11012 | D:9      | Found Tagriumou's Antique Weapon Shoppe.
 11534 | D:9      | Reached skill level 14 in Spellcasting
 11704 | D:9      | Noticed Psyche
 11966 | D:9      | Found Rehud's Jewellery Shop.
 11971 | D:9      | Bought an uncursed amulet of magic regeneration for 390
                  | gold pieces
 11971 | D:9      | Bought the ring of Moodiness {+Fly rElec rPois rC- Int+5}
                  | for 509 gold pieces
 12259 | D:9      | Found an opulent altar of Gozag.
 12260 | D:9      | Found a sparkling altar of Nemelex Xobeh.
 12663 | D:9      | Killed Prince Ribbit
 12766 | Lair:1   | Entered Level 1 of the Lair of Beasts
 12933 | Lair:1   | Noticed a spiny frog
 12945 | Lair:1   | Killed a spiny frog
 12945 | Lair:1   | Reached skill level 15 in Spellcasting
 13149 | Lair:1   | Reached XP level 11. HP: 39/54 MP: 16/32
 13210 | Lair:1   | Noticed Urug
 13270 | Lair:1   | Killed Urug
 13846 | Lair:2   | Noticed a four-headed hydra
 14111 | D:10     | Noticed Gastronok
 14614 | D:10     | Killed Gastronok
 14614 | D:10     | Reached skill level 16 in Spellcasting
 14818 | D:11     | Noticed a brown ugly thing
 15306 | Lair:2   | Reached skill level 5 in Fire Magic
 15332 | Lair:2   | Killed a four-headed hydra
 15332 | Lair:2   | Reached skill level 1 in Earth Magic
 16412 | Lair:3   | Noticed a six-headed hydra
 16443 | Lair:3   | Killed a six-headed hydra
 16443 | Lair:3   | Reached XP level 12. HP: 59/59 MP: 21/34
 16753 | Lair:3   | Noticed a death yak
 16834 | D:9      | Bought a book of Burglary for 975 gold pieces
 16841 | D:9      | Learned a level 6 spell: Invisibility
 16846 | D:9      | Learned a level 4 spell: Passage of Golubria
 16849 | D:9      | Learned a level 2 spell: Swiftness
 17630 | Lair:4   | Noticed an eight-headed hydra
 17679 | Lair:4   | Reached skill level 1 in Hexes
 17739 | Lair:4   | Noticed an eight-headed hydra
 17775 | Lair:4   | Reached skill level 1 in Charms
 17955 | Lair:4   | Found a staircase to the Shoals.
 18028 | Lair:4   | Found a transporter.
 18028 | Lair:4   | Noticed Skippwaahh's ghost (journeyman MfMo)
 18148 | Lair:4   | HP: 1/59 [black mamba (15)]
 18859 | Lair:4   | Killed an eight-headed hydra
 18859 | Lair:4   | Reached skill level 5 in Earth Magic
 19203 | Lair:4   | Reached skill level 17 in Spellcasting
 19282 | Lair:4   | Learned a level 2 spell: Passwall
 19421 | Lair:4   | Killed an eight-headed hydra
 19468 | Lair:4   | Found a staircase to the Snake Pit.
 19506 | Lair:4   | Found a transporter.
 19834 | Lair:4   | Reached skill level 5 in Stealth
 20383 | Lair:5   | Learned a level 2 spell: Shroud of Golubria
 21472 | Lair:5   | Identified a scroll of acquirement
 21472 | Lair:5   | Acquired 630 gold pieces
 21484 | Lair:6   | Entered Level 6 of the Lair of Beasts
 21576 | Lair:6   | Noticed a death yak
 21601 | Lair:6   | Reached XP level 13. HP: 63/63 MP: 27/36
 21793 | Lair:6   | Reached skill level 18 in Spellcasting
 23019 | Lair:6   | Found a viscous altar of Jiyva.
 23019 | Lair:6   | Found a staircase to the Slime Pits.
 23766 | D:6      | Learned a level 3 spell: Gell's Gravitas
 23895 | D:7      | Splashed by Harold's acid

Illustrated notes

Levels and vault maps discovered:
D:1:      scummos_arrival_star, layout_basic
D:2:      layout_basic, tgw_trog
D:3:      layout_rooms, first_ration, grunt_gozag_breadcrumbs
D:4:      layout_layer_cave, nicolae_overflow_hidden_temple,
          trog_three_pillars_becter
D:5:      layout_basic, minmay_temple_entry_proselytizer
D:6:      minmay_chambers_of_fours, layout_rooms, uniq_pikel
D:7:      minmay_the_grid_four_pointed_star
          [minmay_the_grid_triangle_9x9_checkered,
          minmay_the_grid_triangle_9x9_odd_lines,
          minmay_the_grid_triangle_9x9_corruption,
          minmay_the_grid_triangle_9x9_alien, minmay_the_grid_prize_big_room],
          layout_rooms, gammafunk_temple_overflow_statue, serial_corexii_hall,
          corexii_hall_statues_t, chequers_hall_statues_wall_a,
          chequers_hall_statues_corner_a, corexii_hall_statues_s, serial_shops,
          shop, uniq_harold, uniq_maggie
D:8:      layout_rooms, overflow_temple_1_default, hangedman_pestilent_swarm,
          uniq_erica
D:9:      layout_stronghold, grunt_temple_overflow_opulence, david_lair_generic,
          serial_shops, nicolae_shop_stone, nicolae_shop_overgrown_old_shop,
          kennysheep_little_box, nicolae_shop_waterfront, uniq_psyche,
          uniq_prince_ribbit1
D:10:     layout_loops_corners, david_orc_4, grunt_decor_mini_mirrors,
          uniq_josephine, uniq_gastronok
D:11:     layout_small_grid, enter_trove_5
Lair:1:   layout_misc_corridors, beast_lair_carwin_4, grunt_megastairs_5,
          lemuel_fruit_fields, serial_bayou_shore_a, uniq_urug
Lair:2:   layout_small_grid, grunt_megastairs_2
Lair:3:   layout_gridlike
Lair:4:   layout_regular_city, minmay_shoals_entry_centaurs,
          minmay_snake_entry_six_corridors, gammafunk_ghost_arena
Lair:5:   layout_cave_pods
Lair:6:   evilmike_catoblepas_cave, layout_cave_pods, slime_altar_1

Skill      XL: |  1  2  3  4  5  6  7  8  9 10 11 12 13 |
---------------+----------------------------------------+-----
Spellcasting   | 5 6 7 9 11 12 15 16 17 18 | 18.7
Conjurations   | 2 3 4 6 7 9 10 12 13 | 13.6
Fire Magic     | 1 2 3 4 5 |  5.5
Air Magic      | 1 |  1.8
Poison Magic   | 1 |  1.5
Dodging        | 3 4 |  4.9
Stealth        | 3 4 5 |  5.2
Translocations | 2 3 |  3.8
Evocations     | 1 3 4 |  4.0
Earth Magic    | 3 6 7 |  7.2
Hexes          | 3 |  3.4
Charms         | 4 |  4.0
Summonings     | |  1.1

Action                   |  1- 3 |  4- 6 |  7- 9 | 10-12 | 13-15 || total
-------------------------+-------+-------+-------+-------+-------++-------
Melee: Unarmed           |     6 |       |       |       |       ||     6
       Staff             |       |       |     3 |     3 |     1 ||     7
 Cast: Magic Dart        |   100 |   173 |   346 |   432 |    10 ||  1061
       Conjure Flame     |       |     2 |    33 |    50 |    11 ||    96
       Mephitic Cloud    |       |     2 |    20 |    20 |       ||    42
       Blink             |       |       |     7 |    33 |     4 ||    44
       Stone Arrow       |       |       |       |   235 |   106 ||   341
       Passage of Golubr |       |       |       |     3 |     4 ||     7
       Swiftness         |       |       |       |       |     1 ||     1
Evoke: Wand              |       |       |    11 |    26 |       ||    37
       Phial of floods   |       |       |       |     1 |       ||     1
  Use: Scroll            |       |       |    13 |    23 |       ||    36
       Potion            |       |       |     2 |     7 |       ||     9
  Eat: Chunk             |     3 |     4 |       |       |       ||     7
       Ration            |       |     1 |     5 |    10 |     3 ||    19
Armor: Robe              |     4 |     2 |     7 |       |       ||    13
       Leather armour    |       |       |     9 |    62 |     3 ||    74
Dodge: Dodged            |    14 |    14 |    45 |   128 |    12 ||   213
